 Dungeon Crawl Stone Soup version 0.28-a0-664-gc179e30c89 (webtiles) character file.

Game seed: 11892330812382433337

559 bande the Covered (level 7, -3/44 HPs)
             Began as a Gargoyle Fighter on Oct 16, 2021.
             Was a Follower of Okawaru.
             Slain by an ice beast (13 damage)
             ... on level 5 of the Dungeon.
             The game lasted 00:09:01 (4888 turns).

bande the Covered (Gargoyle Fighter)                Turns: 4888, Time: 00:09:02

Health: -3/44      AC: 16    Str: 20    XL:     7   Next: 31%
Magic:  8/8        EV:  9    Int:  9    God:    Okawaru [*.....]
Gold:   231        SH:  4    Dex: 10    Spells: 6/6 levels left

rFire   . . .      SeeInvis .   a - +0 war axe (freeze)
rCold   . . .      Faith    .   c - +0 buckler
rNeg    + + .      Spirit   .   b - +0 scale mail
rPois   ∞          Reflect  .   e - +0 helmet
rElec   +          Harm     .   (no cloak)
rCorr   .          Rampage  .   f - +2 pair of gloves
Will    .....                   (no boots)
Stlth   ..........              (no amulet)
HPRegen 0.14/turn               k - ring of positive energy
MPRegen 0.11/turn               (no ring)

@: no status effects
A: sickness immunity, AC +4, negative energy resistance 1, electricity
resistance, torment resistance 1, petrification resistance
a: Renounce Religion, Heroism


You were on level 5 of the Dungeon.
You worshipped Okawaru.
Okawaru was aware of your devotion.
You visited 1 branch of the dungeon, and saw 5 of its levels.

You collected 231 gold pieces.

Inventory:

Hand Weapons
 a - a +0 war axe of freezing (weapon)
Armour
 b - a +0 scale mail (worn)
 c - a +0 buckler (worn)
 e - a +0 helmet (worn)
 f - a +2 pair of gloves (worn)
Jewellery
 g - a ring of ice
 k - a ring of positive energy (left hand)
 l - a ring of resist corrosion
 m - a ring of ice
Scrolls
 i - a scroll of enchant weapon {unknown}
 n - a scroll of blinking {unknown}
Potions
 d - a potion of might
 h - a potion of invisibility
 j - a potion of berserk rage


   Skills:
 + Level 4.3 Fighting
 + Level 4.7 Axes
 + Level 5.2 Armour
 + Level 4.1 Shields
 * Level 2.5 Invocations


You had 6 spell levels left.
You didn't know any spells.
Your spell library contained the following spells:

 Spells                   Type           Power      Damage    Failure   Level
 Ensorcelled Hibernation  Hex/Ice        0%         N/A       86%         2
 Spider Form              Tmut/Pois      0%         N/A       97%         3


Dungeon Overview and Level Annotations

Branches:
Dungeon (5/15)             Temple (0/1) D:4

Altars:
Okawaru
Wu Jian
Yredelemnul
The Shining One

Annotations:
D:5 2 transporters, Dittersdorf's ghost, novice GrFi


Innate Abilities, Weirdness & Mutations

You are immune to sickness and miasma.
Your stone body is resilient. (AC +4)
You are immune to poison.
You resist negative energy. (rN+)
You are resistant to electric shocks. (rElec)
You are resistant to unholy torment.
You are immune to petrification.


Message History

The ice beast freezes you. The orc completely misses you.
Unknown command.
You hit the adder.
The adder seems to slow down.
You freeze the adder.
You kill the adder!
Okawaru accepts your kill.
Your scale mail prevents you from hitting the orc.
You hit the ice beast. The orc misses you.
The ice beast hits you but does no damage.
Unknown command.
The orc hits you but does no damage.
The ice beast hits you but does no damage.
You see here an adder corpse.
Unknown command.
Found a robe.
The ice beast hits you. The ice beast freezes you.
You see here a +0 hand axe.
Unknown command.
You closely miss the orc. You closely miss the ice beast.
The orc hits you with a +0 dagger. You block the ice beast's attack.
The orc hits you but does no damage. The ice beast closely misses you.
You barely miss the orc. You hit the ice beast but do no damage.
The orc hits you but does no damage. The ice beast completely misses you.
Unknown command.
You hit the orc but do no damage. You hit the ice beast but do no damage.
The orc hits you but does no damage. The ice beast closely misses you.
You closely miss the orc. You hit the ice beast but do no damage.
The orc barely misses you. You block the ice beast's attack.
You slash the orc! You freeze the orc.
You kill the orc!
Okawaru accepts your kill.
You barely miss the ice beast. The ice beast barely misses you.
The ice beast hits you. The ice beast freezes you!
* * * LOW HITPOINT WARNING * * *
You block the ice beast's attack.
Things that are here:
a +0 dagger; an adder corpse Unknown command.
The ice beast hits you.
* * * LOW HITPOINT WARNING * * *
The ice beast freezes you!
You die...

##########...........
.....................
.....................
.....................
.................#'##
.
#######'############
[.. #.# ..
.....#######'# #. O#.
.......))@...# ...
#..# ........Y)...#
...##..#
.............#
#.#..#.#
.......)..##+#
.($...O# ..........#
######## .....######
©.©..... .....
........ .....
........ ########


You could see an ice beast.

Vanquished Creatures
  The ghost of AlleluiaPinecone the Sneak, an amateur VSBr of Okawaru (D:3)
  3 scorpions (D:4)
  2 centaur zombies
  2 hounds (D:5)
  A jelly (D:2)
  A howler monkey skeleton (D:4)
  6 adders
  A white imp (D:5)
  2 ufetubi
  A worm (D:2)
  A dart slug (D:2)
  5 orcs
  6 ball pythons
  4 endoplasms
  6 giant cockroaches
  11 goblins
  6 hobgoblins
  4 jackals (D:1)
  3 quokkas
  4 bats
  4 frilled lizards
  7 kobolds
  6 rats
87 creatures vanquished.

Vanquished Creatures (others)
  7 fungi (D:4)
  2 withered plants (D:3)
9 creatures vanquished.

Grand Total: 96 creatures vanquished

Notes
Turn   | Place    | Note
-------+----------+-------------------------------------------
     0 | D:1      | bande the Gargoyle Fighter began the quest for the Orb.
     0 | D:1      | Reached XP level 1. HP: 14/14 MP: 1/1
    81 | D:1      | Found a faded altar of an unknown god.
   180 | D:1      | Reached XP level 2. HP: 13/19 MP: 2/2
   777 | D:1      | You fall into a shaft and drop 1 floor!
   800 | D:2      | Reached XP level 3. HP: 20/23 MP: 3/3
  1676 | D:2      | Reached XP level 4. HP: 27/29 MP: 4/4
  1847 | D:2      | Reached skill level 4 in Armour
  2303 | D:3      | Reached XP level 5. HP: 21/33 MP: 5/5
  2429 | D:3      | Found a basalt altar of Yredelemnul.
  2451 | D:3      | Found an ornate altar of the Wu Jian Council.
  2712 | D:3      | Found an iron altar of Okawaru.
  2727 | D:3      | Became a worshipper of Warmaster Okawaru
  2821 | D:3      | Found a runed translucent door.
  2821 | D:3      | Noticed AlleluiaPinecone's ghost (amateur VSBr)
  2871 | D:3      | Found a glowing golden altar of the Shining One.
  2873 | D:3      | Noticed an angel
  3022 | D:3      | Killed AlleluiaPinecone's ghost
  3120 | D:4      | Reached skill level 1 in Invocations
  3120 | D:4      | Reached XP level 6. HP: 27/38 MP: 6/6
  3734 | D:4      | Found a staircase to the Ecumenical Temple.
  4096 | D:4      | Reached * piety under Okawaru
  4123 | D:4      | Reached XP level 7. HP: 43/43 MP: 8/8
  4411 | D:5      | Entered Level 5 of the Dungeon
  4548 | D:5      | Reached skill level 5 in Armour
  4774 | D:5      | Found a transporter.
  4775 | D:5      | Found a transporter.
  4775 | D:5      | Noticed Dittersdorf's ghost (novice GrFi)
  4888 | D:5      | Slain by an ice beast

Illustrated notes

Levels and vault maps discovered:
D:1:      dpeg_arrival_orchard, layout_loops_ring,
          hellmonk_ecumenical_altar_run_dry, hangedman_decor_push
D:2:      minmay_skewed_foursquare, layout_basic
D:3:      layout_basic, nzn_wu_jian_contemplation,
          grunt_temple_overflow_holy_war, lemuel_coloured_pillars_altar,
          gammafunk_ghost_grave
D:4:      layout_basic, minmay_temple_entry_nine_rooms, serial_aquarium,
          aquarium_bridge_long_joined [aquarium_subvault_wall,
          aquarium_subvault_bridge, aquarium_subvault_balcony,
          aquarium_subvault_bridge, aquarium_subvault_wall,
          aquarium_subvault_wall], aquarium_bridge_island_small
          [aquarium_subvault_small_water, aquarium_subvault_wall,
          aquarium_subvault_bridge, aquarium_subvault_bridge,
          aquarium_subvault_bridge], aquarium_window_fake,
          aquarium_window_corridor_1, aquarium_window_fake, aquarium_view_2c,
          aquarium_view_2d, aquarium_balcony_double_1, minmay_hedge_maze
D:5:      layout_basic, nicolae_vehumet_altar_sigil,
          mainiacjoe_overflow_brackets, gammafunk_ghost_smash

Skill      XL: |  1  2  3  4  5  6  7 |
---------------+----------------------+-----
Axes           | 2 3 4 |  4.7
Armour         | 4 5 |  5.2
Fighting       | 4 |  4.3
Invocations    | 1 2 |  2.5
Shields        | 4 |  4.1

Action                   |  1- 3 |  4- 6 |  7- 9 || total
-------------------------+-------+-------+-------++-------
Melee: War axe           |   115 |   135 |    49 ||   299
  Use: Scroll            |       |     3 |     1 ||     4
Armor: Scale mail        |    67 |    92 |    66 ||   225
Dodge: Dodged            |    55 |    49 |    42 ||   146
Block: Buckler           |    20 |    27 |    18 ||    65

Table legend: (Time is in decaauts)
 A = Elapsed time spent in this place.
 B = Non-inter-level travel time spent in this place.
 C = Inter-level travel time spent in this place.
 D = Time resting spent in this place.
 E = Time spent auto-exploring this place.
 F = Levels seen in this place.
 G = Mean time per level.
                   A        B        C        D        E       F      G
               +--------+--------+--------+--------+--------+-----+--------+
         Total |   4993 |   4946 |     47 |    732 |   3262 |   5 |  998.6 |
       Dungeon |   4993 |   4946 |     47 |    732 |   3262 |   5 |  998.6 |
               +--------+--------+--------+--------+--------+-----+--------+

Top non-repeatable levels by time:
     D:4: 1353 daAuts
     D:1: 1240 daAuts
     D:2: 1068 daAuts
     D:3: 840 daAuts
     D:5: 489 daAuts
